Map: Cerulean Fall LE

Players

Djorjx - Winner!

  • Race: Terran Terran
  • League: Grandmaster
  • Spawn Location: 7:00

Marsman

  • Race: Protoss Protoss
  • League: Grandmaster
  • Spawn Location: 1:00

Event: DSCL Nationals 2018 - Finals

VOD

Have the link to the VOD?

Description

Time

  • Played on: Dec. 1, 2018, 7:29 a.m.
  • Length: 11:51

All games in this series

Show
View Real Time Build Order
Export as new Build Order

Djorjx Terran - Winner!

Build Orders: Cyclone Opening 

Get SALT Encoding   

  12  0:00  SCV  
  13  0:12  SCV  
  14  0:17  Supply Depot  
  14  0:25  SCV  
  15  0:39  SCV  
  15  0:40  Barracks  
  16  0:46  Refinery  
  16  0:51  SCV  
  16  0:55  Refinery  
  17  1:03  SCV  
  18  1:15  SCV  
  19  1:27  Orbital Command, Reaper  
  20  1:37  Supply Depot  
  20  1:43  Factory  
  20  1:53  SCV  
  21  2:08  SCV  
  22  2:19  Barracks Reactor  
  22  2:20  SCV  
  23  2:31  Factory Tech Lab, Command Center  
  23  2:36  SCV  
  24  2:42  Supply Depot  
  24  2:48  SCV  
  24  2:50  Cyclone  
  27  3:01  Marine x2  
  29  3:09  Starport  
  29  3:12  SCV  
  30  3:18  Marine  
  30  3:19  Marine  
  32  3:22  Siege Tank  
  32  3:24  SCV  
  36  3:31  Supply Depot  
  36  3:36  Marine x2, SCV  
  39  3:53  SCV  
  40  3:57  Cloaking Field, Banshee  
  40  4:01  Factory Tech Lab, Marine  
  44  4:03  Marine  
  44  4:05  SCV  
  46  4:10  Orbital Command  
  46  4:17  SCV  
  46  4:21  Siege Tank  
  50  4:26  Marine x2  
  50  4:29  SCV  
  53  4:37  SCV  
  53  4:38  Supply Depot  
  54  4:40  Banshee  
  54  4:44  Marine x2  
  59  4:47  SCV  
  59  4:49  SCV  
  61  4:55  Supply Depot  
  64  5:00  Siege Tank  
  64  5:01  Marine, SCV  
  64  5:05  SCV  
  67  5:13  Supply Depot, SCV  
  68  5:16  Marine  
  68  5:18  Supply Depot  
  69  5:21  SCV  
  70  5:29  Marine  
  70  5:32  Siege Tank  
  71  5:46  Bunker  
  71  5:56  SCV x2  
  73  5:57  Command Center  
  73  6:00  Refinery x2  
  73  6:01  Bunker  
  73  6:04  Siege Tank  
  76  6:08  SCV  
  76  6:09  Banshee  
  76  6:10  Marine  
  76  6:20  Bunker  
  76  6:22  Marine  
  76  6:24  SCV  
  77  6:27  Barracks  
  77  6:29  Barracks  
  77  6:30  SCV  
  77  6:34  Bunker  
  77  6:35  Marine  
  77  6:36  Siege Tank  
  81  6:40  SCV  
  81  6:45  SCV  
  83  6:52  SCV  
  82  6:55  Supply Depot  
  82  6:57  Marine x2, SCV  
  85  7:04  SCV  
  89  7:09  SCV  
  89  7:12  Starport Reactor  
  89  7:13  Barracks  
  87  7:15  Factory Reactor  
  87  7:16  Barracks, SCV  
  87  7:17  SCV  
  87  7:21  SCV  
  77  7:24  Marine x2  
  77  7:29  SCV  
  77  7:34  Orbital Command  
  77  7:41  Engineering Bay  
  77  7:42  Marine  
  77  7:43  SCV  
  77  7:44  Factory Reactor  
  79  7:45  Supply Depot x2  
  79  7:46  Marine x2  
  79  7:47  Stimpack  
  81  7:54  Medivac  
  81  7:55  Medivac, Orbital Command  
  81  7:56  Combat Shield  
  81  7:58  SCV  
  86  8:00  SCV  
  87  8:07  Barracks Reactor, Terran Infantry Weapons Level 1  
  87  8:09  Supply Depot, Bunker, Barracks Reactor  
  87  8:10  SCV  
  71  8:30  Marine  
  71  8:31  Marauder, Medivac x2, Widow Mine x2  
  71  8:32  SCV  
  71  8:33  SCV x2  
  83  8:37  Marauder, Marine  
  86  8:45  SCV x2  
  86  8:46  SCV  
  86  8:47  Marine x2, Missile Turret  
  86  8:48  Marine x3  
  93  8:49  Sensor Tower  
  93  8:52  Marine  
  93  8:54  Marine  
  95  8:57  SCV x2  
  95  8:58  Marauder, Widow Mine x2  
  104  9:02  SCV  
  104  9:05  Marine  
  104  9:07  Marine  
  104  9:09  SCV x2  
  108  9:10  Marauder, Refinery  
  108  9:15  Concussive Shells, SCV  
  111  9:17  Supply Depot  
  111  9:18  Supply Depot x2  
  111  9:20  Marine x4, Widow Mine  
  117  9:26  Marauder, Marine x2  
  121  9:31  Marauder  
  121  9:35  Medivac x2, Widow Mine  
  121  9:38  Marine x2  
  131  9:41  Widow Mine  
  132  9:48  Marauder  
  134  9:53  Marauder  
  134  9:54  Marine x4  
  134  9:55  Marine  
  141  10:00  Barracks x2, Marine  
  142  10:09  Marauder  
  142  10:10  Widow Mine x2  
  142  10:12  Marine x2  
  150  10:14  Marauder  
  150  10:15  Starport  
  152  10:24  Marine x2  
  154  10:28  Marine x2  
  154  10:31  Marauder  
  158  10:36  Marauder  
  158  10:42  Armory  
  160  10:44  Command Center  
  160  10:46  Engineering Bay  
  160  10:52  Marauder  
  162  10:57  Marauder  
  164  11:04  Marine  
  164  11:09  Barracks Tech Lab, Marine x2  
  164  11:10  Barracks Tech Lab  
  164  11:11  Marine  
  165  11:15  Marauder  
  159  11:18  Marauder  
  159  11:24  Marine  
  147  11:28  Marine  
  147  11:30  Marine x2  
  147  11:31  Marine x2  
Show
View Real Time Build Order
Export as new Build Order

Marsman Protoss 

Build Orders:  

Get SALT Encoding   

  12  0:00  Probe  
  13  0:12  Probe  
  14  0:17  Pylon  
  14  0:24  Probe  
  15  0:37  Gateway  
  15  0:38  Probe  
  16  0:45  Assimilator  
  16  0:46  Probe  
  16  0:54  Probe  
  18  1:06  Probe  
  18  1:11  Assimilator  
  19  1:15  Pylon  
  19  1:18  Probe  
  20  1:24  Cybernetics Core  
  20  1:29  Zealot  
  22  1:33  Probe  
  23  1:45  Probe  
  24  1:52  Adept  
  24  1:57  Probe  
  27  2:01  Warp Gate  
  27  2:10  Probe  
  27  2:12  Robotics Facility  
  27  2:18  Stalker  
  29  2:46  Nexus  
  29  3:01  Probe  
  29  3:03  Observer  
  31  3:05  Pylon  
  31  3:14  Gateway  
  31  3:16  Gateway  
  31  3:21  Warp Prism  
  31  3:23  Probe  
  34  3:35  Probe  
  35  3:42  Shield Battery  
  35  3:47  Probe  
  36  3:50  Observer  
  36  3:55  Probe  
  36  4:00  Probe  
  39  4:03  Probe, Sentry  
  42  4:12  Probe, Stalker  
  42  4:13  Probe  
  42  4:14  Observer  
  47  4:22  Stalker  
  47  4:24  Probe  
  50  4:28  Probe  
  51  4:33  Pylon  
  51  4:36  Stalker  
  53  4:42  Probe  
  53  4:44  Pylon  
  54  4:51  Probe  
  54  4:52  Stalker x2  
  59  4:54  Immortal  
  59  4:55  Probe  
  64  5:08  Pylon  
  64  5:13  Sentry  
  66  5:15  Adept  
  66  5:18  Adept  
  68  5:39  Stalker x3  
  68  5:41  Probe  
  73  5:47  Immortal  
  73  6:02  Pylon  
  73  6:03  Pylon  
  77  6:06  Probe x2  
  77  6:18  Probe, Pylon  
  78  6:23  Adept x2  
  78  6:24  Adept  
  84  6:27  Immortal  
  84  6:37  Pylon  
  88  6:44  Adept x3  
  90  6:55  Probe  
  89  7:04  Adept x2  
  89  7:05  Adept, Warp Prism  
  93  7:11  Probe x2  
  73  7:23  Probe  
  68  7:32  Adept x2  
  68  7:33  Adept  
  68  7:34  Probe  
  68  7:35  Probe  
  68  7:36  Assimilator, Robotics Bay  
  72  7:38  Assimilator  
  72  7:46  Probe, Immortal  
  69  7:53  Adept x3  
  69  7:58  Probe x2  
  81  8:10  Probe  
  82  8:15  Colossus  
  70  8:21  Stalker x3  
  72  8:34  Probe  
  72  8:38  Twilight Council  
  72  8:44  Probe  
  73  8:50  Probe  
  74  8:56  Nexus  
  74  8:57  Pylon  
  74  8:58  Disruptor  
  74  9:00  Pylon, Observer  
  74  9:06  Probe  
  78  9:10  Probe  
  79  9:17  Stalker x2  
  79  9:18  Probe  
  79  9:23  Probe, Stalker  
  87  9:32  Disruptor  
  87  9:35  Probe  
  87  9:44  Probe  
  89  9:52  Probe  
  90  9:56  Probe  
  90  9:58  Stalker x2  
  95  10:00  Sentry  
  95  10:04  Probe  
  98  10:13  Probe, Disruptor  
  99  10:16  Probe  
  100  10:28  Stalker x3  
  109  10:30  Probe  
  109  10:31  Probe  
  111  10:37  Probe  
  112  10:42  Gateway  
  112  10:47  Gateway  
  112  10:48  Assimilator, Gateway  
  112  10:49  Assimilator  
  112  10:56  Zealot x3  
  113  11:09  Probe x2  
  99  11:21  Probe x2  
  97  11:26  Probe  
  97  11:31  Stalker x3  
  104  11:36  Probe  
Tags
 
Add a new tag
Caveats
  • Supply blocks, unpowered buildings, or Contaminate may cause inaccurate times.
  • Supply counts are checked every 10 seconds.